 Dungeon Crawl Stone Soup version 0.31-a0-876-gfe8ebadbca (webtiles) character file.

Game seed: 17847952957409531655

93093 Turgor the Metamorph (level 15, -7/132 HPs)
             Began as a White Draconian Shapeshifter on Oct 6, 2023.
             Was an Initiate of Gozag.
             Mangled by Polyphemus (18 damage)
             ... on level 2 of the Shoals on Oct 13, 2023.
             The game lasted 02:13:28 (23278 turns).

Turgor the Metamorph (DrSh)                        Turns: 23278, Time: 02:13:29

Health: -7/132     AC: 19    Str: 23    XL:     15   Next: 59%
Magic:  24/24      EV: 16    Int: 21    God:    Gozag
Gold:   2766       SH:  0    Dex: 13    Spells: 14/26 levels left

rFire   . .          .
                       - Unarmed
rCold   + . .        (shield currently unavailable)
rNeg    + . .        (body armour unavailable)
rPois   +            z - +2 hat
rElec   .            v - +2 ratskin cloak {*Rats rPois rN+ Str-1 Int-1 Dex+1}
rCorr   .            (gloves currently unavailable)
SInv    .            H - +0 pair of boots of the Grue {Str+5 Dex+2}
Will    +....        I - amulet of regeneration
Stlth   +            W - +6 ring of intelligence
HPRegen 1.22/turn    o - +4 ring of protection
MPRegen 0.19/turn

%: no passive effects
@: blade hands
A: breathe frost, AC +9, unfitting armour, cold resistance 1, cold-blooded
a: Breathe Frost, Begin Untransformation, Renounce Religion, Potion Petition,
Call Merchant, Bribe Branch


You were on level 2 of the Shoals.
You worshipped Gozag.
Gozag was most pleased with you.
You had blades for hands.
You visited 5 branches of the dungeon, and saw 22 of its levels.
You also visited: Ice Cave and Volcano.

You collected 7945 gold pieces.
You spent 1711 gold pieces at shops.
You paid 3468 gold pieces to Gozag.

Inventory:

Missiles
 h - 14 curare-tipped darts
 B - 2 silver javelins
 U - a throwing net
Armour
 v - the +2 ratskin cloak (worn) {*Rats rPois rN+ Str-1 Int-1 Dex+1}
   (You acquired it on level 10 of the Dungeon)

   *Rats:     When the wearer is hurt, rats may emerge from it to assist them.
   Str-1:     It affects your strength (-1).
   Int-1:     It affects your intelligence (-1).
   Dex+1:     It affects your dexterity (+1).
   rPois:     It protects you from poison rN+: It protects you from negative
   energy.
 z - a +2 hat (worn)
 H - the +0 pair of boots of the Grue (worn) {Str+5 Dex+2}
   (You bought it in a shop on level 2 of the Orcish Mines)

   Str+5:     It affects your strength (+5).
   Dex+2:     It affects your dexterity (+2).
Jewellery
 d - a ring of willpower
 f - a ring of poison resistance
 o - a +4 ring of protection (right blade hand)
 I - an amulet of regeneration (around neck)
 M - a ring of flight
 S - a ring of see invisible
 W - a +6 ring of intelligence (left blade hand)
Talismans
 R - a maw talisman
 X - a blade talisman (active)
Wands
 l - a wand of digging (2)
 E - a wand of flame (60)
 F - a wand of paralysis (2)
 N - a wand of mindburst (7)
Scrolls
 b - 2 scrolls of revelation
 g - 3 scrolls of enchant armour
 i - 2 scrolls of fear
 q - 2 scrolls of enchant weapon
 r - 2 scrolls of identify
 s - 6 scrolls of teleportation
 u - a scroll of butterflies
 y - 4 scrolls of vulnerability
 A - 2 scrolls of fog
 C - 2 scrolls of noise
 D - a scroll of silence
 G - 4 scrolls of immolation
 O - 2 scrolls of blinking
 T - a scroll of amnesia
 V - a scroll of poison
Potions
 a - a potion of lignification
 c - 2 potions of cancellation
 j - 3 potions of mutation
 k - 4 potions of magic
 m - 3 potions of invisibility
 n - a potion of haste
 p - a potion of brilliance
 w - 9 potions of curing
 x - 3 potions of heal wounds
 K - 3 potions of attraction
 P - a potion of enlightenment
 Q - a potion of berserk rage
Miscellaneous
 e - a lightning rod (3/4)
 t - a sack of spiders
 J - a phantom mirror (inert)


   Skills:
 + Level 11.8 Fighting
 - Level 9.0 Dodging
 + Level 14.0 Unarmed Combat
 - Level 6.0 Spellcasting
 + Level 2.5 Conjurations
 + Level 8.5 Ice Magic
 * Level 16.7 Shapeshifting


You had 14 spell levels left.
You knew the following spells:

 Your Spells              Type           Power      Damage    Failure   Level
a - Brom's Barrelling Bo  Conj/Erth      11%        2d3       50%         4
b - Ozocubu's Armour      Ice            42%        N/A       1%          3
c - Freezing Cloud        Conj/Ice/Air   10%        6-21      52%         5

Your spell library contained the following spells:

 Spells                   Type           Power      Damage    Failure   Level
 Sting                    Tmut/Pois      24%        1d4       10%         1
 Cigotuvi's Dreadful Rot  Necr/Pois/Air  12%        N/A       14%         2
 Poisonous Vapours        Pois/Air       12%        N/A       14%         2
 Sublimation of Blood     Necr           6%         N/A       14%         2
 Ignite Poison            Fire/Tmut/Pois 6%         N/A       28%         3
 Inner Flame              Hex/Fire       6%         N/A       28%         3
 Metabolic Englaciation   Hex/Ice        12%        N/A       43%         5
 Olgreb's Toxic Radiance  Pois           6%         N/A       67%         4
 Petrify                  Tmut/Erth      6%         N/A       67%         4
 Iskenderun's Battlesphe  Conj           17%        2d7       67%         5
 Fireball                 Conj/Fire      5%         3d5       85%         5
 Irradiate                Conj/Tmut      5%         3d13      85%         5
 Borgnjor's Vile Clutch   Necr/Erth      3%         N/A       95%         5
 Yara's Violent Unravell  Hex/Tmut       3%         3d4       95%         5
 Conjure Ball Lightning   Conj/Air       5%         3x3d6     100%        6
 Death Channel            Necr           3%         N/A       100%        6
 Enfeeble                 Hex            3%         N/A       100%        7
 Orb of Destruction       Conj           8%         9d6       100%        7
 Animate Dead             Necr           Unusable   N/A       N/A         4
 Simulacrum               Ice/Necr       Unusable   N/A       N/A         6

Dungeon Overview and Level Annotations

Branches:
Dungeon (12/15)            Temple (0/1) D:7            Lair (5/5) D:11
 Shoals (2/4) Lair:2        Snake (1/4) Lair:3        Slime (0/5) Lair:5
    Orc (2/2) D:10            Elf (0/3) Orc:2         IceCv (visited)
Volcano (visited)

Altars:
Ashenzari
Cheibriados
Gozag
Makhleb
Nemelex Xobeh
Okawaru
Yredelemnul

Shops:
D:1 *   D:10 *   Orc:2 ([*[*   Lair:1 *!*=

Annotations:
Lair:5 1 runed translucent door
Shoals:2 Polyphemus
Snake:1 Rupert


Innate Abilities, Weirdness & Mutations

You have blades for hands.
You are incapable of wielding weapons or throwing items.
You can breathe waves of freezing cold which knock back foes.
Your icy white scales are hard. (AC +9)
You cannot fit into any form of body armour.
Your flesh is cold resistant. (rC+)
You are cold-blooded and may be slowed by cold attacks.


Message History

Press: ? - help, Dir - move target, f - Polyphemus
Aim: Polyphemus, quivering large rocks You reflect Polyphemus with the mirror!
The mirror clouds!
Polyphemus hits Polyphemus.
Polyphemus hits Polyphemus but does no damage.
Polyphemus throws a large rock.
The large rock misses you.
Polyphemus hits Polyphemus but does no damage.
Polyphemus hits Polyphemus.
Polyphemus throws a large rock.
The large rock hits Polyphemus but does no damage.
Polyphemus throws a large rock.
The large rock barely misses you.
Polyphemus glares at you with his lone eye.
Polyphemus throws a large rock.
The large rock hits you!!
Polyphemus throws a large rock.
The large rock barely misses you.
Polyphemus hits Polyphemus!!
Polyphemus hits Polyphemus.
Polyphemus hits you. x2; Polyphemus hits Polyphemus.
Polyphemus hits Polyphemus but does no damage.
You slash Polyphemus!
You tail-slap Polyphemus, but do no damage.
You slash Polyphemus, but do no damage.
Polyphemus is moderately wounded.
You slice Polyphemus!!
Polyphemus is heavily wounded.
You hear a shout!
Polyphemus shimmers and vanishes!
Polyphemus hits you but does no damage. Polyphemus hits you!
You slash Polyphemus!
You tail-slap Polyphemus, but do no damage.
Polyphemus is severely wounded.
Polyphemus hits you!!
* * * LOW HITPOINT WARNING * * *
A hell rat scurries out from under your cloak.
Polyphemus hits you.
* * * LOW HITPOINT WARNING * * *
You feel much better. Polyphemus hits you!!
* * * LOW HITPOINT WARNING * * *
Polyphemus hits you!!
You die...
Polyphemus says, "You're nobody."
Your body crumbles into a pile of gold.

#.~~~~~~P~~~ .~~~~~.
##~~~~~~~~~~~ ..~≈~~.
###.~~~~...~~ ~ ...~≈~>
#...~~~~... ~. ....~~~
...~~~~..# ~~. .....~~
~~~~~~~$# ~~~. ~...~~~.##
~~~~~ P.##~~~..##r~~~~~
#~~...@.~~~~~~ ......
~~~~~~~~~~C~~~~~~ ......
≈~~~~~~~~~~~~~~~~?.##....#
≈≈≈~~~~~~~~~~~≈≈~...#..~~#
≈~~≈≈≈~~~~~~~~≈≈≈~~....~~#
~~~~~~~~~~~≈≈≈≈≈≈≈≈~~~~~≈#
~~~~~~~≈≈≈≈≈≈≈≈≈≈≈≈≈≈≈≈≈≈≈
~~~~~~≈≈≈≈≈≈≈≈≈≈≈≈≈≈≈≈≈≈~
≈≈~..~≈≈≈≈≈≈~~..


You could see Polyphemus (ally target) and a friendly hell rat.

Vanquished Creatures
  A frost giant (IceCv)
  An orc warlord (Orc:1)
  5 dire elephants (Lair:5)
  2 hydras (Lair:5)
  A centaur warrior (Shoals:1)
  A catoblepas (Shoals:2)
  4 two-headed ogres
  A naga warrior (Lair:3)
  3 orc high priests (Orc:2)
  Urug (Lair:2)
  12 death yaks
  A hell knight (Volcano)
  Amaemon (Lair:2)
  Sonja (Lair:2)
  A salamander mystic (Volcano)
  2 spectral death yaks (Lair:5)
  6 skysharks
  A fire crab (Lair:5)
  A spectral anaconda (Lair:5)
  5 sea snakes
  An obsidian statue (Lair:5)
  7 harpies
  A deep elf pyromancer (D:12)
  Pikel (D:7)
  4 necromancers (Lair:5)
  4 orc knights (Orc:2)
  3 manticores
  4 salamanders (Volcano)
  4 orc sorcerers
  2 cyclopes (Orc:2)
  3 fauns (Shoals:1)
  2 merfolk sirens (Shoals:1)
  6 elephants
  6 black mambas
  A dire elephant zombie (Lair:5)
  An ice statue (IceCv)
  7 cane toads
  An orange demon (Lair:2)
  2 molten gargoyles (Volcano)
  5 torpor snails
  Maggie (Lair:1)
  Psyche (D:8)
  10 rime drakes
  8 komodo dragons
  6 trolls
  5 merfolk
  A hornet (Lair:1)
  24 blink frogs
  6 polar bears
  4 spectral elephants (Lair:5)
  A snapping turtle (Shoals:1)
  7 dream sheep (Lair:5)
  4 slime creatures (D:12)
  5 shadows
  6 wyverns
  2 water elementals (Shoals:2)
  A wraith (D:11)
  2 fire bats (Volcano)
  A dire elephant simulacrum (Lair:5)
  34 yaks
  5 basilisks
  A death yak simulacrum (Lair:3)
  A steam dragon (D:6)
  10 vampire mosquitoes
  A spectral cane toad (Lair:5)
  A two-headed ogre zombie (D:10)
  2 nagas
  3 wargs (Orc:1)
  2 acid dragons (D:12)
  16 water moccasins
  17 orc warriors
  2 black bears
  3 sky beasts
  16 ogres
  An elephant zombie (Lair:5)
  21 wolves
  An elephant skeleton (Lair:5)
  A centaur (D:10)
  A lemure (D:7)
  4 phantoms
  2 kobold brigands
  12 bullfrogs
  2 scorpions
  2 gnoll sergeants
  3 cane toad simulacra
  A troll zombie (D:10)
  2 elephant simulacra
  A howler monkey (D:9)
  8 lava snakes (Volcano)
  A jelly (D:8)
  2 gnoll boudas
  12 orc priests
  3 hounds
  A sleepcap (D:4)
  Jessica (D:2)
  2 iguanas
  19 orc wizards
  10 hell rats
  A polar bear simulacrum (Lair:3)
  6 ogre zombies (D:10)
  16 gnolls
  5 adders
  A river rat (D:11)
  2 white imps (D:7)
  An ufetubus (D:7)
  A worm (D:4)
  3 dart slugs
  63 orcs
  10 ball pythons
  7 endoplasms
  4 giant cockroaches
  7 goblins
  11 hobgoblins
  2 jackals
  5 quokkas
  4 bats
  3 frilled lizards
  A goblin skeleton (D:10)
  2 goblin zombies (D:10)
  6 hobgoblin zombies (D:10)
  14 kobolds
  An orc skeleton (D:10)
  15 orc zombies
  4 rats
  A butterfly (D:7)
634 creatures vanquished.

Vanquished Creatures (collateral kills)
  A merfolk javelineer (Shoals:1)
  A death yak (IceCv)
  An elephant (Lair:3)
  A dire elephant skeleton (Lair:5)
  3 blink frogs
  A yak (Lair:2)
  A vampire mosquito (D:10)
  An ogre (D:10)
10 creatures vanquished.

Vanquished Creatures (others)
  An orc (Orc:2)
1 creature vanquished.

Grand Total: 645 creatures vanquished

Notes
Turn   | Place    | Note
-------+----------+-------------------------------------------
     0 | D:1      | Turgor the Draconian Shapeshifter began the quest for the
                  | Orb.
     0 | D:1      | Reached XP level 1. HP: 16/16 MP: 1/1
   181 | D:1      | Reached XP level 2. HP: 22/23 MP: 2/2
   671 | D:1      | Found Ivonir's General Store.
   697 | D:1      | Bought a scroll of identify for 28 gold pieces
   839 | D:2      | Noticed Jessica
   850 | D:1      | Reached XP level 3. HP: 26/29 MP: 3/3
  1010 | D:2      | Killed Jessica
  1011 | D:2      | Reached XP level 4. HP: 36/36 MP: 4/4
  1110 | D:2      | Reached skill level 4 in Shapeshifting
  1162 | D:2      | Found a faded altar of an unknown god.
  1974 | D:4      | Noticed an ogre
  1981 | D:3      | Reached XP level 5. HP: 37/42 MP: 5/5
  2142 | D:4      | Killed an ogre
  2186 | D:4      | Reached XP level 6. HP: 51/51 MP: 6/6
  2235 | D:4      | Reached skill level 5 in Shapeshifting
  2618 | D:4      | Found a broken altar of Ashenzari.
  2855 | D:4      | Learned a level 4 spell: Brom's Barrelling Boulder
  2935 | D:5      | Entered Level 5 of the Dungeon
  3406 | D:5      | Your scales start taking on an icy white colour.
  3406 | D:5      | Reached XP level 7. HP: 59/59 MP: 7/7
  3406 | D:5      | Gained mutation: Your flesh is cold resistant. (rC+) [White
                  | Draconian growth]
  3666 | D:5      | Found an opulent altar of Gozag.
  3666 | D:5      | Found a basalt altar of Yredelemnul.
  3674 | D:5      | Became a worshipper of Gozag Ym Sagoz the Greedy
  3985 | D:1      | Bought a scroll of identify for 28 gold pieces
  3985 | D:1      | Bought a potion of heal wounds for 70 gold pieces
  4090 | D:6      | Noticed a steam dragon
  4102 | D:6      | Killed a steam dragon
  4244 | D:6      | Reached skill level 5 in Unarmed Combat
  4244 | D:6      | Reached skill level 6 in Shapeshifting
  4413 | D:6      | Found a sparkling altar of Nemelex Xobeh.
  4766 | D:6      | Found a burning altar of Makhleb.
  4766 | D:6      | Noticed a cacodemon
  4769 | D:6      | Noticed a neqoxec
  4769 | D:6      | Noticed a hellwing
  4991 | D:7      | Found a staircase to the Ecumenical Temple.
  5157 | D:7      | Identified the +2 war axe of Yffil {speed, +Blink Fly rC+}
  5211 | D:7      | Reached skill level 5 in Fighting
  5211 | D:7      | Reached XP level 8. HP: 68/68 MP: 8/8
  5259 | D:7      | Reached skill level 7 in Shapeshifting
  5332 | D:7      | Noticed Joseph
  5338 | D:7      | Joseph changed into Joseph the naga
  5338 | D:7      | Noticed Joseph
  5359 | D:7      | Killed Joseph the naga
  5614 | D:7      | Reached skill level 8 in Shapeshifting
  5979 | D:7      | Reached XP level 9. HP: 76/77 MP: 9/9
  5996 | D:7      | Noticed Pikel
  6010 | D:7      | Killed Pikel
  6315 | D:7      | Found an iron altar of Okawaru.
  7099 | D:8      | Noticed Psyche
  7223 | D:8      | Reached skill level 9 in Shapeshifting
  8136 | D:9      | Noticed a two-headed ogre
  8173 | D:8      | Killed Psyche
  8338 | D:8      | Killed a two-headed ogre
  8339 | D:8      | Reached XP level 10. HP: 27/88 MP: 4/10
  8672 | D:9      | Noticed a two-headed ogre
  8690 | D:9      | Killed a two-headed ogre
  9396 | D:10     | Entered Level 10 of the Dungeon
  9412 | D:10     | Noticed a two-headed ogre
  9424 | D:10     | Killed a two-headed ogre
  9425 | D:10     | Reached skill level 5 in Dodging
  9624 | D:10     | Reached skill level 10 in Shapeshifting
  9773 | D:10     | Found a staircase to the Orcish Mines.
 10021 | D:10     | Found Igrabbetz's General Store.
 10028 | D:10     | Bought a potion of enlightenment for 75 gold pieces
 10028 | D:10     | Bought 3 scrolls of identify for 90 gold pieces
 10030 | D:10     | Identified a scroll of acquirement
 10031 | D:10     | Acquired the +2 ratskin cloak {*Rats rPois rN+ Str-1 Int-1
                  | Dex+1}
 10031 | D:10     | Found the +2 ratskin cloak {*Rats rPois rN+ Str-1 Int-1
                  | Dex+1}
 10102 | D:10     | Noticed Lodul
 10104 | D:10     | Lodul changed into Lodul the basilisk
 10104 | D:10     | Noticed Lodul
 10110 | D:10     | Killed Lodul the basilisk
 10169 | D:9      | Reached XP level 11. HP: 97/97 MP: 11/11
 10426 | D:10     | Bought a potion of heal wounds for 75 gold pieces
 10426 | D:10     | Bought a potion of heal wounds for 75 gold pieces
 10426 | D:10     | Bought a scroll of identify for 30 gold pieces
 10747 | D:11     | Noticed a death yak
 10754 | D:11     | Noticed a death yak
 10754 | D:11     | Noticed a death yak
 10763 | D:10     | Killed a death yak
 10951 | D:10     | Killed a death yak
 10962 | D:11     | Killed a death yak
 10963 | D:11     | Reached skill level 10 in Fighting
 11071 | D:11     | Found a staircase to the Lair.
 11827 | D:12     | Noticed a deep elf pyromancer
 11834 | D:12     | Killed a deep elf pyromancer
 11835 | D:12     | Reached skill level 10 in Unarmed Combat
 11937 | D:12     | Reached skill level 11 in Shapeshifting
 12096 | D:12     | Noticed a two-headed ogre
 12136 | D:12     | Killed a two-headed ogre
 12388 | D:12     | Upgraded the game from 0.31-a0-851-g7ff8af7976 to
                  | 0.31-a0-859-g9dce7d3444
 12434 | Lair:1   | Entered Level 1 of the Lair of Beasts
 12694 | Lair:1   | Reached XP level 12. HP: 100/106 MP: 12/12
 13120 | Lair:1   | Learned a level 3 spell: Ozocubu's Armour
 13219 | Lair:1   | Noticed Maggie
 13229 | Lair:1   | Killed Maggie
 13403 | Lair:2   | Noticed Amaemon
 13403 | Lair:2   | Found a staircase to the Shoals.
 13660 | Lair:2   | Reached skill level 12 in Shapeshifting
 13784 | Lair:2   | Killed Amaemon
 14245 | Lair:2   | Noticed Sonja
 14251 | Lair:2   | Killed Sonja
 14445 | Lair:2   | Noticed Urug
 14457 | Lair:2   | Killed Urug
 14535 | Lair:2   | Upgraded the game from 0.31-a0-859-g9dce7d3444 to
                  | 0.31-a0-865-g3d5d91748a
 14734 | Lair:3   | Reached skill level 13 in Shapeshifting
 14750 | Lair:3   | Found a frozen archway.
 14793 | IceCv    | Entered an ice cave
 14868 | IceCv    | Reached XP level 13. HP: 113/113 MP: 13/13
 15113 | IceCv    | Upgraded the game from 0.31-a0-865-g3d5d91748a to
                  | 0.31-a0-875-g02e7d12df6
 15140 | IceCv    | Noticed a frost giant
 15245 | IceCv    | Reached skill level 14 in Shapeshifting
 15294 | IceCv    | Reached skill level 1 in Ice Magic
 15410 | IceCv    | Killed a frost giant
 15411 | IceCv    | Reached skill level 1 in Spellcasting
 15794 | Lair:3   | Found a snail-covered altar of Cheibriados.
 16091 | Lair:3   | Found a staircase to the Snake Pit.
 16439 | Snake:1  | Entered Level 1 of the Snake Pit
 16439 | Snake:1  | Noticed Rupert
 16995 | Lair:4   | You fall into a shaft and drop 1 floor!
 16995 | Lair:5   | Entered Level 5 of the Lair of Beasts
 16995 | Lair:5   | Found a runed translucent door.
 17094 | Lair:5   | Reached XP level 14. HP: 106/121 MP: 19/19
 17190 | Lair:5   | Reached skill level 15 in Shapeshifting
 17216 | Lair:5   | Reached skill level 5 in Ice Magic
 18237 | Lair:5   | Noticed an acid blob
 18568 | Lair:5   | Found a staircase to the Slime Pits.
 18569 | Lair:5   | Noticed an acid blob
 18960 | Lair:5   | Reached skill level 5 in Spellcasting
 19359 | Lair:5   | Learned a level 5 spell: Freezing Cloud
 19617 | Orc:1    | Entered Level 1 of the Orcish Mines
 19787 | Orc:1    | Reached skill level 16 in Shapeshifting
 19799 | Orc:1    | Noticed an orc warlord
 19824 | Orc:1    | Killed an orc warlord
 20192 | Orc:2    | Entered Level 2 of the Orcish Mines
 20214 | Orc:2    | Found a dark tunnel.
 20236 | Volcano  | Entered a volcano
 20605 | Volcano  | Found a radiant altar of Vehumet.
 20628 | Volcano  | Reached XP level 15. HP: 68/129 MP: 23/23
 20721 | Volcano  | Upgraded the game from 0.31-a0-875-g02e7d12df6 to
                  | 0.31-a0-876-gfe8ebadbca
 20811 | Volcano  | Identified the +4 helmet of Zuanoemo {Int+3}
 21076 | Orc:2    | Found Muketaer's Antique Weapon Shoppe.
 21080 | Orc:2    | Found a staircase to the Elven Halls.
 21673 | Orc:2    | Paralysed by an orc sorcerer for 5 turns
 21809 | Orc:2    | Paralysed by an orc sorcerer for 2 turns
 21828 | Orc:2    | Found Feleul's Assorted Antiques.
 21828 | Orc:2    | Found Ikhashro's Armour Shop.
 21830 | Orc:2    | Found Lepoc's Antique Armour Shop.
 21830 | Orc:2    | Found Binlawum's General Store.
 21838 | Orc:2    | Bought a hat for 116 gold pieces
 21838 | Orc:2    | Bought a pair of heavily runed boots for 275 gold pieces
 21838 | Orc:2    | Identified the +0 pair of boots of the Grue {Str+5 Dex+2}
                  | (You bought it in a shop on level 2 of the Orcish Mines)
 21857 | Orc:2    | Bought a potion of haste for 130 gold pieces
 21857 | Orc:2    | Bought a potion of attraction for 39 gold pieces
 21857 | Orc:2    | Bought a phantom mirror for 520 gold pieces
 21857 | Orc:2    | Bought a scroll of identify for 26 gold pieces
 21859 | Orc:2    | Bought a pink potion for 29 gold pieces
 21977 | Lair:1   | Bought a scroll of revelation for 105 gold pieces
 22016 | Shoals:1 | Entered Level 1 of the Shoals
 22297 | Shoals:1 | Reached skill level 1 in Conjurations
 23089 | Shoals:2 | Identified the +10 long sword of Zepul {flame, Int+5 Dex-2}
 23253 | Shoals:2 | Noticed Polyphemus
 23278 | Shoals:2 | Mangled by Polyphemus

Illustrated notes

Levels and vault maps discovered:
D:1:      matt_arrival_los_fun, layout_basic, serial_shops, shop
D:2:      layout_basic, shapermc_ecumenical_altar_totnotflames,
          chequers_serial_rivers_micro_a, uniq_jessica
D:3:      layout_rooms
D:4:      layout_cave_pools, lemuel_tele_altar,
          hangedman_abyss_or_decor_lesser_grid, bh_walls_and_bars
D:5:      layout_basic, amethyst_overflow_temple_binary
D:6:      layout_basic, general_overflow_altar, makhleb_altar_promises_db,
          chequers_garden
D:7:      layout_basic, okawaru_altar_gauntlet_db,
          minmay_temple_entry_butterflies, minmay_quadrilaterals, uniq_joseph,
          uniq_pikel
D:8:      layout_loops_corners, uniq_psyche
D:9:      layout_long_grid, lightli_corner_chamber
D:10:     layout_irregular_city, zombieorc2_lemuel, serial_shops, shop,
          st_stairs_6, uniq_lodul
D:11:     layout_irregular_city, dpeg_lair_monsters
D:12:     layout_roguey, minmay_misc_feat_tower, minmay_misc_feat_secret_circle
Lair:1:   layout_cave_pods, st_stairs_8, small_statue_intersection,
          grunt_megastairs_2, serial_bayou_shore_b, uniq_maggie
Lair:2:   layout_regular_city, nicolae_shoals_entry_roost, serial_bayou_shore_b,
          grunt_megastairs_3, serial_bayou_shore_b, uniq_sonja, uniq_urug,
          uniq_amaemon
Lair:3:   layout_chaotic_city, minmay_snake_entry_six_corridors,
          portal_ice_cave_entry_ice_simulacra, kennysheep_snail_temple
Lair:4:   layout_cave_pods
Lair:5:   due_jungle_book, layout_misc_corridors, slime_entry_2, st_stairs_9,
          grunt_megastairs_5
Shoals:1: layout_shoals
Shoals:2: layout_shoals, nicolae_shoals_water_elemental_grotto, uniq_ilsuiw,
          uniq_polyphemus
Snake:1:  layout_chambers, grunt_ministairs_9, nicolae_snake_gridmaze_waves,
          hangedman_snake_corridor_cut, uniq_rupert, uniq_asterion
Orc:1:    layout_diamond_mine, basic_altar
Orc:2:    grunt_orc_tribal_feast, layout_caves, serial_shops, shop,
          enter_volcano_1, basic_altar

Skill      XL: |  1  2  3  4  5  6  7  8  9 10 11 12 13 14 15 |
---------------+----------------------------------------------+-----
Dodging        | 2 3 5 7 9 |  9.0
Fighting       | 2 3 4 5 6 8 9 10 11 | 11.8
Shapeshifting  | 4 5 6 8 9 10 11 13 14 16 | 16.7
Unarmed Combat | 4 5 6 8 9 10 11 13 14 | 14.0
Ice Magic      | 4 7 8 |  8.5
Spellcasting   | 3 5 6 |  6.0
Conjurations   | 2 |  2.5

Action                     |  1- 3 |  4- 6 |  7- 9 | 10-12 | 13-15 || total
---------------------------+-------+-------+-------+-------+-------++-------
  Melee: Unarmed           |    81 |     5 |   282 |   713 |  1004 ||  2085
         Tailslap          |     7 |    17 |    48 |   144 |   174 ||   390
         Punch             |     1 |     5 |     3 |    13 |    90 ||   112
         Dagger            |       |   126 |    60 |       |       ||   186
  Throw: Stone             |     9 |       |       |       |       ||     9
         Javelin           |     4 |       |       |       |       ||     4
         Boomerang         |     2 |    15 |     1 |       |       ||    18
         Dart              |       |     4 |    10 |       |       ||    14
   Cast: Ozocubu's Armour  |       |       |       |       |    22 ||    22
 Invoke: Call Merchant     |       |       |       |       |     4 ||     4
         Potion Petition   |       |       |       |       |     1 ||     1
Ability: Breathe Frost     |       |       |     8 |     1 |       ||     9
  Evoke: Wand              |       |       |    16 |     8 |    12 ||    36
         Sack of spiders   |       |       |       |     1 |     2 ||     3
         Lightning rod     |       |       |       |       |     7 ||     7
         Phantom mirror    |       |       |       |       |     1 ||     1
    Use: Scroll            |     3 |     2 |     3 |    20 |     9 ||    37
         Potion            |       |       |     4 |     2 |    10 ||    16
   Stab: Sleeping          |       |     1 |       |       |       ||     1
         Distracted        |       |     1 |       |     4 |     4 ||     9
         Paralysed         |       |       |       |     9 |       ||     9
 Armour: Skin              |    37 |    88 |   198 |   352 |   587 ||  1262
  Dodge: Dodged            |    46 |    82 |   184 |   372 |   518 ||  1202
   Form: Flux              |       |       |     1 |       |       ||     1
         Blade             |       |       |       |     2 |       ||     2
                           |       |       |       |     1 |       ||     1

Table legend: (Time is in decaauts)
 A = Elapsed time spent in this place.
 B = Non-inter-level travel time spent in this place.
 C = Inter-level travel time spent in this place.
 D = Time resting spent in this place.
 E = Time spent auto-exploring this place.
 F = Levels seen in this place.
 G = Mean time per level.
                   A        B        C        D        E       F      G
               +--------+--------+--------+--------+--------+-----+--------+
         Total |  23021 |  20926 |   2095 |    584 |  14199 |  24 |  959.2 |
       Dungeon |  12433 |  10950 |   1483 |    156 |   8389 |  12 | 1036.1 |
          Lair |   6192 |   5790 |    402 |    157 |   3845 |   5 | 1238.4 |
        Shoals |   1320 |   1271 |     49 |     25 |    897 |   2 |  660.0 |
     Snake Pit |      1 |      1 |      0 |      0 |      0 |   1 |    1.0 |
  Orcish Mines |   1659 |   1499 |    160 |    112 |    851 |   2 |  829.5 |
      Ice Cave |    845 |    845 |      0 |    120 |    215 |   1 |  845.0 |
       Volcano |    568 |    568 |      0 |     12 |      0 |   1 |  568.0 |
               +--------+--------+--------+--------+--------+-----+--------+

Top non-repeatable levels by time:
  Lair:5: 1951 daAuts
     D:7: 1875 daAuts
     D:8: 1642 daAuts
    D:10: 1284 daAuts
  Lair:2: 1178 daAuts
  Lair:1: 1160 daAuts
     D:9: 1075 daAuts
     D:5: 1024 daAuts
   Orc:2: 1003 daAuts
  Lair:4: 996 daAuts
Shoals:1: 960 daAuts
     D:6: 912 daAuts
  Lair:3: 906 daAuts
    D:11: 904 daAuts
     D:1: 887 daAuts
